 Dungeon Crawl Stone Soup version 0.26-a0-737-g4e9f4955e2 (webtiles) character file.

Game seed: 3343108466047154598

148 Forecaster the Stinger (level 5, -1/43 HPs)
             Began as a Naga Venom Mage on Nov 4, 2020.
             Killed from afar by a white imp (9 damage)
             ... with a puff of frost
             ... on level 3 of the Dungeon.
             The game lasted 00:13:52 (4988 turns).

Forecaster the Stinger (Naga Venom Mage)            Turns: 4988, Time: 00:13:53

Health: -1/43      AC:  2    Str: 10    XL:     5   Next: 30%
Magic:  8/8        EV: 10    Int: 16    God:
Gold:   183        SH:  0    Dex: 12    Spells: 6/9 levels left

rFire    . . .     SeeInvis +   e - +0 dagger
rCold    . . .     Faith    .   (no shield)
rNeg     . . .     Spirit   .   a - +0 robe
rPois    +         Reflect  .   (no helmet)
rElec    .         Harm     .   (no cloak)
rCorr    .         Rampage  .   (no gloves)
MR       +....                  (no barding)
Stlth    ++........             (no amulet)
HPRegen  0.14/turn              b - ring of protection from magic
MPRegen  0.11/turn              (no ring)

@: very slow
A: large, see invisible, deformed body, poison resistance, slowness 2, spit
poison 1, AC +1
a: Spit Poison


You were on level 3 of the Dungeon.
You visited 1 branch of the dungeon, and saw 3 of its levels.

You collected 183 gold pieces.

Inventory:

Hand Weapons
 e - a +0 dagger (weapon)
 t - a +0 short sword of venom
Missiles
 r - 5 poisoned darts (quivered)
Armour
 a - a +0 robe (worn)
 h - a +0 robe
 p - a +0 pair of gloves
Jewellery
 b - a ring of protection from magic (left hand)
Wands
 q - a wand of iceblast (8)
Scrolls
 c - a scroll of fear {unknown}
 g - a scroll of immolation {unknown}
 i - a scroll of enchant armour {unknown}
 m - 2 scrolls of remove curse {unknown}
 n - 2 scrolls of identify {unknown}
 o - a scroll of enchant weapon {unknown}
Potions
 d - a potion of invisibility {unknown}
 f - a potion of brilliance {unknown}
 j - a potion of lignification {unknown}
 l - a potion of mutation {unknown}
 s - a potion of cancellation {unknown}


   Skills:
 + Level 0.7 Fighting
 + Level 1.0 Short Blades
 + Level 1.7 Dodging
 + Level 3.6 Stealth
 + Level 0.6 Unarmed Combat
 + Level 2.6 Spellcasting
 + Level 1.0 Transmutations
 + Level 2.0 Air Magic
 + Level 5.4 Poison Magic


You had 6 spell levels left.
You knew the following spells:

 Your Spells              Type           Power        Failure   Level
a - Sting                 Tmut/Pois      ##..         4%          1
b - Poisonous Vapours     Pois/Air       ##....       6%          2

Your spell library contained the following spells:

 Spells                   Type           Power        Failure   Level
 Olgreb's Toxic Radiance  Pois           ###.....     21%         4
 Mephitic Cloud           Conj/Pois/Air  ##......     22%         3
 Ignite Poison            Fire/Tmut/Pois #.......     24%         3


Dungeon Overview and Level Annotations

Branches:
Dungeon (3/15)

Altars:
Ashenzari
Dithmenos
Gozag
Ru
Trog
Wu Jian
Xom


Innate Abilities, Weirdness & Mutations

You cannot wear boots.
Your serpentine skin is tough. (AC +1)
You have supernaturally acute eyesight. (SInv)
Armour fits poorly on your strangely shaped body.
Your system is resistant to poisons. (rPois)
You cover ground very slowly.
You can spit poison.


Message History

* * * LOW HITPOINT WARNING * * *
The white imp freezes you.
* * * LOW HITPOINT WARNING * * *
You feel better.
The white imp lashes its tail.
The white imp barely misses you.
You hit the white imp but do no damage.
The white imp is heavily wounded.
The white imp hits you.
* * * LOW HITPOINT WARNING * * *
The white imp freezes you.
* * * LOW HITPOINT WARNING * * *
You hit the white imp but do no damage.
The white imp is heavily wounded.
The white imp misses you.
You hit the white imp.
The white imp is severely wounded.
The white imp gestures at you. The puff of frost hits you!
You die...

############
########.....##.[.##
#.5@.....# #.##.#.<.
......######.#
#........ .####
#.###.###.###
#.....# #.#
#####..####.#
..#.........#
#.#.#..######
#.#.#..# ..
######.#.#.รท#


You could see a white imp.

Vanquished Creatures
  6 adders
  2 oozes
  3 worms (D:2)
  2 dart slugs (D:1)
  2 leopard geckos (D:2)
  5 orcs (D:3)
  2 ball pythons
  4 giant cockroaches
  5 hobgoblins
  9 bats
  6 frilled lizards
  8 goblins
  11 kobolds
  6 rats
71 creatures vanquished.

Vanquished Creatures (others)
  A plant (D:1)
1 creature vanquished.

Grand Total: 72 creatures vanquished

Notes
Turn   | Place    | Note
-------+----------+-------------------------------------------
     0 | D:1      | Forecaster the Naga Venom Mage began the quest for the Orb.
     0 | D:1      | Reached XP level 1. HP: 15/15 MP: 3/3
   871 | D:1      | Reached XP level 2. HP: 21/22 MP: 1/5
   985 | D:1      | Learned a level 2 spell: Poisonous Vapours
  1431 | D:1      | Reached XP level 3. HP: 28/28 MP: 3/6
  1488 | D:1      | Found a broken altar of Ashenzari.
  2214 | D:2      | Reached skill level 5 in Poison Magic
  2266 | D:2      | Found an ornate altar of the Wu Jian Council.
  2451 | D:2      | Reached XP level 4. HP: 36/36 MP: 0/7
  2467 | D:2      | Reached skill level 1 in Air Magic
  3051 | D:2      | Found a shadowy altar of Dithmenos.
  3961 | D:3      | Reached XP level 5. HP: 30/42 MP: 0/8
  4417 | D:3      | Reached skill level 1 in Short Blades
  4752 | D:3      | Found a basalt altar of Yredelemnul.
  4754 | D:3      | Found a bloodstained altar of Trog.
  4754 | D:3      | Found an opulent altar of Gozag.
  4764 | D:3      | Found an ornate altar of the Wu Jian Council.
  4764 | D:3      | Found a shimmering altar of Xom.
  4764 | D:3      | Found a sacrificial altar of Ru.
  4983 | D:3      | HP: 2/43 [white imp (4)]
  4988 | D:3      | Killed from afar by a white imp

Illustrated notes

Levels and vault maps discovered:
D:1:      dpeg_arrival_water_temple_mockup, layout_loops_ring, serial_forest,
          infiniplex_forest_straight_4, infiniplex_forest_clump_tiny,
          infiniplex_forest_clump_cross, infiniplex_forest_end_3,
          infiniplex_forest_lined_room_2, infiniplex_forest_clump_cross,
          nicolae_ashenzari_panopticon
D:2:      layout_loops_corners, nicolae_overflow_crystal_walls,
          old_standard_altar
D:3:      layout_loops_ring, overflow_temple_1_default, doesnt_xom_only_xom

Skill      XL: |  1  2  3  4  5 |
---------------+----------------+-----
Poison Magic   | 5 |  5.4
Air Magic      | 1 2 |  2.0
Short Blades   | 1 |  1.0
Fighting       | |  0.7
Dodging        | |  1.7
Stealth        | |  3.6
Unarmed Combat | |  0.6
Spellcasting   | |  2.6
Transmutations | |  1.0

Action                   |  1- 3 |  4- 6 || total
-------------------------+-------+-------++-------
Melee: Unarmed           |    30 |       ||    30
       Dagger            |    27 |   106 ||   133
 Cast: Sting             |    17 |       ||    17
       Poisonous Vapours |    27 |    55 ||    82
  Use: Potion            |       |     2 ||     2
Armor: Robe              |    19 |     8 ||    27
Dodge: Dodged            |    38 |    44 ||    82

Table legend: (Time is in decaauts)
 A = Elapsed time spent in this place.
 B = Non-inter-level travel time spent in this place.
 C = Inter-level travel time spent in this place.
 D = Time resting spent in this place.
 E = Time spent auto-exploring this place.
 F = Levels seen in this place.
 G = Mean time per level.
                   A        B        C        D        E       F      G
               +--------+--------+--------+--------+--------+-----+--------+
         Total |   5750 |   5686 |     64 |   1785 |   3278 |   3 | 1916.7 |
       Dungeon |   5750 |   5686 |     64 |   1785 |   3278 |   3 | 1916.7 |
               +--------+--------+--------+--------+--------+-----+--------+

Top non-repeatable levels by time:
     D:1: 2524 daAuts
     D:2: 2030 daAuts
     D:3: 1195 daAuts
